 Dungeon Crawl Stone Soup version 0.24.0-13-gcf9b319 (webtiles) character file.

Game seed: 18228609309850528224, levelgen mode: deterministic

30 Bronimir the Gusty (level 3, -2/19 HPs)
             Began as a Tengu Air Elementalist on Mar 27, 2020.
             Slain by Sigmund
             ... wielding a +0 scythe
              (8 damage)
             ... on level 2 of the Dungeon.
             The game lasted 00:03:33 (1530 turns).

Bronimir the Gusty (Tengu Air Elementalist)         Turns: 1530, Time: 00:03:34

Health: -2/19      AC:  4    Str:  8    XL:     3   Next: 18%
Magic:  5/7        EV: 12    Int: 16    God:
Gold:   41         SH:  0    Dex: 14    Spells: 4/7 levels left

rFire    . . .     SeeInvis .   p - +0 short sword
rCold    . . .     Gourm    .   (no shield)
rNeg     . . .     Faith    .   j - +0 leather armour
rPois    .         Spirit   .   (helmet restricted)
rElec    .         Reflect  .   (no cloak)
rCorr    .         Harm     .   e - +0 pair of gloves
MR       .....                  (boots unavailable)
Stlth    ++........             (no amulet)
HPRegen  0.06/turn              (no ring)
MPRegen  0.10/turn              (no ring)

@: no status effects
A: beak, talons 3
a: no special abilities


You were on level 2 of the Dungeon.
You were not hungry.

You visited 1 branch of the dungeon, and saw 2 of its levels.

You collected 41 gold pieces.

Inventory:

Hand Weapons
 a - a +0 club
 b - a +0 hunting sling
 p - a +0 short sword (weapon)
Missiles
 i - 16 bolts
Armour
 e - a +0 pair of gloves (worn)
 f - a +0 robe
 j - a +0 leather armour (worn)
Jewellery
 g - an uncursed ring of wizardry {unknown}
Scrolls
 l - 2 scrolls of teleportation {unknown}
 m - 3 scrolls of remove curse {unknown}
 n - a scroll of noise {unknown}
 o - a scroll of identify {unknown}
Potions
 d - 3 potions of curing {unknown}
 h - a potion of invisibility {unknown}
 k - a potion of agility {unknown}
Comestibles
 c - 3 rations


   Skills:
 * Level 0.5 Armour
 + Level 2.3 Dodging
 - Level 2.0 Stealth
 * Level 2.5 Spellcasting
 * Level 1.7 Conjurations
 * Level 4.6 Air Magic


You had 4 spell levels left.
You knew the following spells:

 Your Spells              Type           Power        Failure   Level  Hunger
a - Shock                 Conj/Air       ##..         8%          1    #......
b - Swiftness             Chrm/Air       #.......     16%         2    ##.....

Your spell library contained the following spells:

 Spells                   Type           Power        Failure   Level  Hunger
 Static Discharge         Conj/Air       ##......     22%         3    ###....
 Airstrike                Air            ###.......   38%         4    #####..
 Lightning Bolt           Conj/Air       ##........   91%         5    ######.


Dungeon Overview and Level Annotations

Branches:
Dungeon (2/15)

Altars:

Annotations:
D:2 Sigmund


Innate Abilities, Weirdness & Mutations

You have a beak for a mouth.
You have claws for feet.


Message History

Confirm with . or Enter, or press ? or * to list all spells.
Aiming: Shock (safe; 8% risk of failure)
Press: ? - help, Shift-Dir - straight line, f - Sigmund
Aim: Sigmund, wielding a +0 scythe and wearing a +0 robe The zap hits Sigmund.
Sigmund is lightly wounded.
Sigmund casts a spell at you. The puff of flame hits you!
Ouch! That really hurt!
Casting: Shock (safe; 8% risk of failure)
Confirm with . or Enter, or press ? or * to list all spells.
Aiming: Shock (safe; 8% risk of failure)
Press: ? - help, Shift-Dir - straight line, f/p - Sigmund
Aim: Sigmund, wielding a +0 scythe and wearing a +0 robe (lightly wounded)
The zap misses Sigmund.
Sigmund casts a spell.
Sigmund flickers and vanishes!
Deactivating autopickup; reactivate with Ctrl-A.
Something hits you!
You die...

..#######
.....g.@#
####.......#
....#####{#
##.######.##
#.†........#
#..#########
#h. #..


#hh You could see a goblin.

Vanquished Creatures
  A dart slug (D:1)
  2 leopard geckos
  3 bats (D:1)
  4 goblins (D:1)
  4 hobgoblins (D:1)
  2 jackals (D:2)
  2 frilled lizards (D:1)
  4 kobolds (D:1)
22 creatures vanquished.

Notes
Turn   | Place    | Note
-------+----------+-------------------------------------------
     0 | D:1      | Bronimir the Tengu Air Elementalist began the quest for the
                  | Orb.
     0 | D:1      | Reached XP level 1. HP: 10/10 MP: 4/4
   379 | D:1      | Reached XP level 2. HP: 15/15 MP: 1/6
   433 | D:1      | Learned a level 2 spell: Swiftness
   845 | D:1      | Reached XP level 3. HP: 19/19 MP: 0/7
  1147 | D:2      | Noticed Sigmund
  1530 | D:2      | Slain by Sigmund

Levels and vault maps discovered:
D:1:      moated_graveyard_arrival, layout_basic
D:2:      layout_basic, led_sif_pool, first_ration, feat_on_display,
          uniq_jessica, uniq_sigmund

Action                   || total
-------------------------++-------
Melee: Club              ||     7
       Peck              ||     2
       Kick              ||     1
 Cast: Shock             ||    40
 Stab: Sleeping          ||     1
  Eat: Chunk             ||     2
Armor: Leather armour    ||     5
Dodge: Dodged            ||    10
